 Dungeon Crawl Stone Soup version 0.23-a0-94-g44dc95ea49 (webtiles) character file.

0 MrRokkomies the Ducker (level 1, -1/11 HPs)
             Began as a Spriggan Abyssal Knight on Aug 16, 2018.
             Was a Follower of Lugonu.
             Slain by a thrashing horror (4 damage)
             ... on level 1 of the Abyss.
             The game lasted 00:01:21 (206 turns).

MrRokkomies the Ducker (Spriggan Abyssal Knight)     Turns: 206, Time: 00:01:22

Health: -1/11      AC:  2    Str:  8    XL:     1   Next: 0%
Magic:  3/3        EV: 18    Int: 13    God:    Lugonu [*.....]
Gold:   34         SH:  0    Dex: 15    Spells: 0/0 levels left

rFire    . . .     SeeInvis +   a - +1 short sword
rCold    . . .     Gourm    .   (shield restricted)
rNeg     . . .     Faith    .   b - +0 robe
rPois    .         Spirit   .   (helmet restricted)
rElec    .         Reflect  .   (no cloak)
rCorr    .         Harm     .   (gloves unavailable)
MR       .....                  (boots unavailable)
Stlth    +.........             (no amulet)
HPRegen  0.03/turn              (no ring)
MPRegen  0.08/turn              (no ring)

@: very quick
A: very small, unfitting armour, see invisible, herbivore, speed 3, slow
metabolism 2
a: Depart the Abyss, Renounce Religion


You were on level 1 of the Abyss.
You worshipped Lugonu.
Lugonu was aware of your devotion.
You were not hungry.

You visited 0 branches of the dungeon, and saw 0 of its levels.
You visited the Abyss 1 time.

You collected 34 gold pieces.

Inventory:

Hand Weapons
 a - a +1 short sword (weapon)
Missiles
 e - 30 bolts
Armour
 b - a +0 robe (worn)
Scrolls
 d - a scroll of amnesia {unknown}
Potions
 f - a potion of flight {unknown}
Comestibles
 c - a ration


   Skills:
 - Level 2.4 Fighting
 * Level 2.1 Short Blades
 + Level 3.5 Dodging
 * Level 1.7 Invocations


You couldn't memorise any spells.
You didn't know any spells.
Your spell library was empty.

Dungeon Overview and Level Annotations

Branches:
Dungeon (0/15)

Altars:


Innate Abilities, Weirdness & Mutations

You are very small and have problems with some larger weapons.
You are too small for most types of armour.
You have supernaturally acute eyesight. (SInv)
You are a herbivore.
You cover ground extremely quickly.
You need to consume almost no food.


Message History

2 starspawn tentacles come into view.
An insubstantial wisp comes into view.
The insubstantial wisp gives a chilling moan.
Found 11 gold pieces.
Found a mace.
You now have 34 gold pieces (gained 11).
There are no items here.
You enter the shallow water.
Moving in this stuff is going to be slow.
A small abomination comes into view.
You enter the shallow water.
Moving in this stuff is going to be slow.
The small abomination closely misses you.
A thrashing horror comes into view.
The thrashing horror tramples you.
* * * LOW HITPOINT WARNING * * *
You stumble backwards!
The thrashing horror roars!
The thrashing horror misses you. The thrashing horror tramples you.
You die...

....## ## .##...###.#
. #...##.x#.# . .
..#x...#.## .### ..
...#...##.## #... .#
#..#..#.#..###
...##.. ...#.#.##
...##..#..## .#.
#.##..#.#.##....#
.....#.#.#....##@#
..#....###.#.#.X#...#
#.# .
#.####..#..##..#
#.#..#### #..###.# ##
# #.## #.#.# ... #.
#.##.. #... . # ...
.## ### . ... . . #.
#


You could see a thrashing horror.

Vanquished Creatures (others)
  3 starspawn tentacles (Abyss:1)
3 creatures vanquished.

Notes
Turn   | Place    | Note
-------+----------+-------------------------------------------
     0 | Abyss:1  | MrRokkomies the Spriggan Abyssal Knight began the quest for the Orb.
     0 | Abyss:1  | Reached XP level 1. HP: 11/11 MP: 3/3
     7 | Abyss:1  | Found a deep blue altar of Sif Muna.
    16 | Abyss:1  | Found an ornate altar of the Wu Jian Council.
    17 | Abyss:1  | Found a corrupted altar of Lugonu.
    67 | Abyss:1  | Noticed a sixfirhy
    73 | Abyss:1  | Noticed a silent spectre
    77 | Abyss:1  | Noticed a large abomination
    82 | Abyss:1  | Noticed an ancient zyme
   105 | Abyss:1  | Noticed a chaos spawn
   134 | Abyss:1  | Noticed an ancient zyme
   135 | Abyss:1  | Noticed a tentacled starspawn
   147 | Abyss:1  | Noticed an insubstantial wisp
   168 | Abyss:1  | Noticed a small abomination
   180 | Abyss:1  | Noticed a red devil
   200 | Abyss:1  | Noticed a thrashing horror
   206 | Abyss:1  | Slain by a thrashing horror

Vault maps used:

Action                   || total
-------------------------++-------
Dodge: Dodged            ||     3

Table legend:
 A = Non-vault XP
 B = Vault XP
 C = Vault XP percentage of total XP
 D = Non-vault monster count
 E = Vault monster count
 F = Vault count percentage of total count
 G = Total turns spent on level
                 A         B        C        D         E       F
            +---------+---------+-------+---------+---------+-------
      Total |       0 |       0 |   N/A |       0 |       0 |  -nan
            +---------+---------+-------+---------+---------+-------
            +---------+---------+-------+---------+---------+-------
